 Dungeon Crawl Stone Soup version 0.23-a0-844-gdc03e01 (webtiles) character file.

3545 JeffiDaFish the Thaumaturge (level 9, -2/71 HPs)
             Began as a Mummy Necromancer on Jan 27, 2019.
             Was a Believer of Kikubaaqudgha.
             Slain by a troll zombie (7 damage)
             ... on level 9 of the Dungeon.
             The game lasted 00:28:39 (10330 turns).

JeffiDaFish the Thaumaturge (Mummy Necromancer)    Turns: 10330, Time: 00:28:39

Health: -2/71      AC:  9    Str: 12    XL:     9   Next: 83%
Magic:  14/23      EV: 12    Int: 17    God:    Kikubaaqudgha [**....]
Gold:   299        SH:  0    Dex: 12    Spells: 20/29 levels left

rFire    x . .     SeeInvis .   h - +1 dagger (drain)
rCold    + . .     Gourm    .   (no shield)
rNeg     + + +     Faith    .   b - +2 robe {Archmagi}
rPois    ∞         Spirit   .   (no helmet)
rElec    .         Reflect  .   k - +2 cloak
rCorr    .         Harm     .   f - +1 pair of gloves
MR       +....                  (no boots)
Stlth    ++........             j - amulet of the acrobat
HPRegen  0.21/turn              (no ring)
MPRegen  0.18/turn              (no ring)

@: no status effects
A: no food or potions, fire vulnerability, cold resistance 1, negative energy
resistance 3, torment resistance, unbreathing
a: Receive Corpses, Renounce Religion


You were on level 9 of the Dungeon.
You worshipped Kikubaaqudgha.
Kikubaaqudgha was pleased with you.
You were not hungry.

You visited 2 branches of the dungeon, and saw 10 of its levels.
You also visited: Sewer.

You collected 299 gold pieces.

Inventory:

Hand Weapons
 h - a +1 dagger of draining (weapon)
Armour
 a - a +0 buckler
 b - a +2 robe of the Archmagi (worn)
 f - a +1 pair of gloves (worn)
 k - a +2 cloak (worn)
Jewellery
 j - an amulet of the acrobat (around neck)
Wands
 d - a wand of polymorph (1)
 l - a wand of flame (18)
Scrolls
 c - 2 scrolls of remove curse
 e - a scroll of magic mapping
 g - 4 scrolls of identify
 i - 2 scrolls of amnesia


   Skills:
 + Level 6.4 Fighting
 - Level 1.5 Dodging
 - Level 1.5 Stealth
 - Level 4.0 Shields
 * Level 10.7 Spellcasting
 + Level 8.3 Necromancy


You had 20 spell levels left.
You knew the following spells:

 Your Spells              Type           Power        Failure   Level  Hunger
a - Pain                  Necr           ####         1%          1    N/A
b - Animate Skeleton      Necr           N/A          1%          1    N/A
c - Animate Dead          Necr           N/A          2%          4    N/A
d - Vampiric Draining     Necr           ######....   1%          3    N/A

Your spell library contained the following spells:

 Spells                   Type           Power        Failure   Level  Hunger
 Corpse Rot               Necr           N/A          1%          2    N/A
 Regeneration             Chrm/Necr      Unusable     N/A         3    N/A

Dungeon Overview and Level Annotations

Branches:
Dungeon (9/15)             Temple (1/1) D:4             Orc (0/2) D:9
   Lair: D:8-11

Altars:
Ashenzari
Cheibriados
Dithmenos
Elyvilon
Fedhas
Gozag
Hepliaklqana
Kikubaaqudgha
Makhleb
Nemelex Xobeh
Okawaru
Qazlal
Ru
Sif Muna
Uskayaw
Vehumet
Wu Jian
Xom
Yredelemnul
Zin
The Shining One

Shops:
D:4 }   D:8 !

Annotations:
D:4 Grinder


Innate Abilities, Weirdness & Mutations

You do not eat or drink.
Your flesh is vulnerable to fire.
You are immune to poison.
Your flesh is cold resistant. (rC+)
You are immune to negative energy. (rN+++)
You are immune to unholy pain and torment.
You can survive without breathing.


Message History

You hit the goblin zombie.
The goblin zombie is heavily damaged.
The goblin zombie closely misses you.
You hit the goblin zombie.
The goblin zombie is heavily damaged.
You hit the goblin zombie.
The goblin zombie is severely damaged.
The goblin zombie hits you.
* * * LOW HITPOINT WARNING * * *
The troll zombie bites you!
* * * LOW HITPOINT WARNING * * *
The troll zombie claws you.
* * * LOW HITPOINT WARNING * * *
The troll zombie barely misses you.
Okay, then.
You hit the goblin zombie.
The goblin zombie is almost destroyed.
The goblin zombie closely misses you. The troll zombie bites you!
You die...
Kikubaaqudgha rasps: "You have failed me!
Welcome... oblivion!"

##############
#............#
#.##########.# #Z# #.# #@#
#Z# #Z# #.# #.## ###.# #.#.#
##. #.# #.##.###.# #.# #.#
#.#..# #.#####
###############.#
#.#.###......
#...............#
#<...##.#####
#.#############.######..##.#


You could see a goblin zombie and a troll zombie.

Vanquished Creatures
  Pikel (D:8)
  A centaur skeleton (D:9)
  A troll (D:9)
  A wyvern (D:9)
  A yak (D:9)
  Sigmund (D:2)
  A slave (D:8)
  An ice beast (D:5)
  A phantom (D:8)
  An ogre (D:8)
  3 centaurs
  A big kobold (D:9)
  A bullfrog (D:6)
  2 scorpions
  3 killer bees (D:8)
  A gnoll shaman (D:5)
  4 hounds
  5 orc wizards
  3 orc priests
  Jessica (D:2)
  4 iguanas
  3 worker ants
  A killer bee zombie (D:9)
  2 ogre zombies (D:9)
  2 worker ant zombies (D:8)
  7 gnolls
  9 adders
  3 shadow imps
  An adder skeleton (D:4)
  An adder zombie (D:3)
  3 worms
  4 dart slugs
  5 leopard geckos
  13 orcs
  2 ball pythons
  6 bats
  9 giant cockroaches
  8 goblins
  9 hobgoblins
  10 jackals
  2 quokkas
  3 frilled lizards
  A goblin skeleton (D:9)
  A goblin zombie (D:9)
  A hobgoblin skeleton (D:9)
  2 hobgoblin zombies (D:9)
  A jackal skeleton (D:5)
  5 kobolds
  6 orc zombies (D:9)
  17 rats
175 creatures vanquished.

Vanquished Creatures (collateral kills)
  A troll (D:9)
  An ice beast (D:6)
  An eye of draining (D:8)
  A big kobold (Sewer)
  Blork the orc (D:5)
  A crimson imp (D:5)
  A hound (D:8)
  A jelly (D:6)
  A hound zombie (D:8)
  2 adders
  A worm (D:3)
  2 orcs
  A giant cockroach (D:3)
  3 jackals (D:4)
  A frilled lizard (D:3)
  A kobold (D:3)
20 creatures vanquished.

Vanquished Creatures (others)
  2 slaves (D:8)
  A killer bee (D:8)
  A giant cockroach (D:8)
4 creatures vanquished.

Grand Total: 199 creatures vanquished

Notes
Turn   | Place    | Note
-------+----------+-------------------------------------------
     0 | D:1      | JeffiDaFish the Mummy Necromancer began the quest for the
                  | Orb.
     0 | D:1      | Reached XP level 1. HP: 13/13 MP: 4/4
   300 | D:1      | Learned a level 1 spell: Animate Skeleton
   341 | D:1      | Reached XP level 2. HP: 8/20 MP: 1/5
   408 | D:1      | Reached skill level 3 in Spellcasting
   977 | D:2      | Found a basalt altar of Yredelemnul.
  1007 | D:2      | Reached skill level 1 in Fighting
  1134 | D:2      | Noticed Jessica
  1139 | D:2      | Killed Jessica
  1139 | D:2      | Reached XP level 3. HP: 26/26 MP: 3/7
  1430 | D:2      | Noticed Sigmund
  1564 | D:2      | Reached XP level 4. HP: 30/32 MP: 7/9
  1570 | D:2      | You fall through a shaft for 2 floors!
  1593 | D:4      | Learned a level 4 spell: Animate Dead
  1597 | D:4      | Learned a level 3 spell: Vampiric Draining
  1606 | D:4      | Reached skill level 5 in Necromancy
  1775 | D:4      | Reached skill level 4 in Spellcasting
  1775 | D:4      | Reached XP level 5. HP: 11/38 MP: 0/11
  2843 | D:3      | Reached XP level 6. HP: 46/46 MP: 8/12
  3904 | D:4      | Reached skill level 5 in Spellcasting
  3934 | D:4      | Found Qurug's Gadget Shop.
  4072 | D:4      | Found a staircase to the Ecumenical Temple.
  4078 | Temple   | Entered the Ecumenical Temple
  4333 | Temple   | Became a worshipper of Kikubaaqudgha
  4494 | D:5      | Entered Level 5 of the Dungeon
  4536 | D:5      | Found an opulent altar of Gozag.
  4586 | D:5      | Noticed Blork the orc
  4586 | D:5      | Noticed an ice beast
  4599 | D:5      | Killed an ice beast
  4599 | D:5      | Reached skill level 1 in Shields
  4599 | D:5      | Reached XP level 7. HP: 42/52 MP: 2/15
  4605 | D:5      | Killed Blork the orc
  4753 | D:5      | Found a glowing drain.
  4769 | Sewer    | Entered a sewer
  4834 | Sewer    | Reached skill level 6 in Spellcasting
  5041 | Sewer    | Found a white marble altar of Elyvilon.
  5407 | D:5      | Reached * piety under Kikubaaqudgha
  5407 | D:5      | Identified Kikubaaqudgha's Incunabulum of Black Arts
                  | (Kikubaaqudgha gifted it to you on level 5 of the Dungeon)
  5407 | D:5      | Received a gift from Kikubaaqudgha
  5512 | D:5      | Noticed Grinder
  6342 | D:2      | Found a burning altar of Makhleb.
  6393 | D:2      | Found a sacrificial altar of Ru.
  6481 | D:2      | Found a hazy altar of Hepliaklqana.
  6481 | D:2      | Found a deep blue altar of Sif Muna.
  6481 | D:2      | Found a shimmering altar of Xom.
  6482 | D:2      | Found a white marble altar of Elyvilon.
  6485 | D:2      | Found a snail-covered altar of Cheibriados.
  6552 | D:2      | Killed Sigmund
  6871 | D:6      | Reached XP level 8. HP: 60/60 MP: 14/18
  6880 | D:6      | Reached skill level 7 in Spellcasting
  7129 | D:6      | Found a sparkling altar of Nemelex Xobeh.
  7617 | D:6      | You fall through a shaft for 3 floors!
  7890 | D:8      | Reached skill level 8 in Spellcasting
  8004 | D:8      | Reached skill level 5 in Fighting
  8393 | D:8      | Noticed Pikel
  8441 | D:8      | Killed Pikel
  8441 | D:8      | Reached skill level 9 in Spellcasting
  8441 | D:8      | Reached XP level 9. HP: 48/68 MP: 1/22
  8677 | D:8      | Found Poggiuhe's Distillery.
  8918 | D:9      | Noticed a troll
  8929 | D:9      | Killed a troll
  9228 | D:9      | Noticed a troll
  9229 | D:9      | Found a staircase to the Orcish Mines.
  9229 | D:9      | Noticed a manticore
  9647 | D:9      | Killed a troll
  9647 | D:9      | Reached ** piety under Kikubaaqudgha
  9647 | D:9      | Reached skill level 10 in Spellcasting
 10330 | D:9      | Slain by a troll zombie

Vault maps used:
D:1:      roderic_dead_forest, minmay_misc_feat_roman, minmay_tetromino_t4
D:2:      lemuel_round_altar, minitemple, makhleb_blood_cavern_becter,
          uniq_sigmund, uniq_jessica
D:4:      minmay_temple_entry_fiery, first_ration, serial_shops,
          nicolae_shop_crystal, corexii_checkpoint_a
D:5:      lemuel_doored_altar, gup_sewer_entry_bubbles, uniq_blork_the_orc,
          uniq_grinder
D:6:      kennysheep_mini
D:7:      nicolae_overflow_crystal_walls
D:8:      serial_shops, kennysheep_mini_moat, uniq_pikel
D:9:      cheibrodos_helix_gallery, zombieorc2_lemuel, blue_anna_alchemist,
          minmay_lindwurm_lava, uniq_maurice, uniq_erica
Temple:   minmay_temple_forest_path
Sewer:    sewer_kobolds

Skill      XL: |  1  2  3  4  5  6  7  8  9 |
---------------+----------------------------+-----
Spellcasting   | 3 4 5 6 9 10 | 10.7
Fighting       | 1 2 3 4 5 6 |  6.4
Necromancy     | 5 6 7 8 |  8.3
Shields        | 1 2 3 4 |  4.0
Dodging        | |  1.5
Stealth        | |  1.5

Action                   |  1- 3 |  4- 6 |  7- 9 || total
-------------------------+-------+-------+-------++-------
Melee: Dagger            |    18 |   115 |   473 ||   606
 Cast: Pain              |    59 |   106 |   125 ||   290
       Animate Skeleton  |     7 |     8 |     3 ||    18
       Vampiric Draining |       |     7 |    33 ||    40
       Animate Dead      |       |    11 |    27 ||    38
Evoke: Wand              |       |       |     4 ||     4
  Use: Scroll            |     4 |     5 |     4 ||    13
 Stab: Sleeping          |     3 |     1 |     2 ||     6
       Distracted        |       |       |     3 ||     3
Armor: Robe              |    18 |    30 |   204 ||   252
Dodge: Dodged            |    38 |    81 |   322 ||   441

Table legend:
 A = Non-vault XP
 B = Vault XP
 C = Vault XP percentage of total XP
 D = Non-vault monster count
 E = Vault monster count
 F = Vault count percentage of total count
                 A         B        C        D         E       F
            +---------+---------+-------+---------+---------+-------
      Total |    3625 |    1440 |  28.4 |     151 |      43 |  22.2
            +---------+---------+-------+---------+---------+-------
        D:1 |      19 |       8 |  29.6 |      11 |       4 |  26.7
        D:2 |      55 |     262 |  82.6 |      20 |       3 |  13.0
        D:3 |     204 |       0 |   0.0 |      36 |       0 |   0.0
        D:4 |     291 |       4 |   1.4 |      23 |       2 |   8.0
        D:5 |     352 |      89 |  20.2 |      17 |       7 |  29.2
        D:6 |     400 |       0 |   0.0 |      11 |       0 |   0.0
        D:8 |     937 |     556 |  37.2 |      22 |       1 |   4.3
        D:9 |    1367 |     408 |  23.0 |      11 |      16 |  59.3
      Sewer |       0 |     113 | 100.0 |       0 |      10 | 100.0
            +---------+---------+-------+---------+---------+-------
